[Event "ICC tourney 2708 (25 5)"]
[Site "Internet Chess Club"]
[Date "2021.10.16"]
[Round "4"]
[White "TSYBOVSKY, ANTHONY:K03-30024259"]
[Black "SELVAMANI, MADHUSHAN:K03-17115543"]
[Result "0-1"]
[ICCResult "White checkmated"]
[WhiteElo "933"]
[BlackElo "1191"]
[Opening "Giuoco Piano"]
[ECO "C50"]
[NIC "IG.02"]
[Time "15:30:15"]
[TimeControl "1500+5"]

1. e4 e5 2. Nf3 Nc6 3. Bc4 Bc5 4. Nc3 d6 5. d3 Bg4 6. Be3 Nd4 7. Bxd4 Bxd4
8. O-O c6 9. a4 Qb6 10. Bxf7+ Ke7 11. Bb3 Nf6 12. h3 Bh5 13. Qe2 Rhf8 14.
Nd1 a5 15. Nc3 h6 16. Qd1 d5 17. exd5 cxd5 18. Bxd5 Qxb2 19. Nxd4 Bxd1 20.
Nf5+ Kd7 21. Ne4 Qxa1 22. Nc5+ Ke8 23. Nd6+ Kd8 24. Ndxb7+ Kc7 25. Ne6+ Kb6
26. c4 Nxd5 27. Nec5 Nc3 28. Nd7+ Kxb7 29. Nxf8 Rxf8 30. f3 Qxa4 31. Re1
Ne2+ 32. Kf2 Qc2 33. Ke3 Rf4 34. Rf1 Rd4 35. Kf2 Nf4+ 36. Kg3 Qxg2+ 37. Kh4
Qg5# {White checkmated} 0-1

[Event "ICC tourney 2708 (25 5)"]
[Site "Internet Chess Club"]
[Date "2021.10.16"]
[Round "4"]
[White "BANERJEE, ARJUN:ARJUNCHESS05"]
[Black "FROOM, JARED MICHAEL:littleprince428"]
[Result "1-0"]
[ICCResult "Black checkmated"]
[WhiteElo "813"]
[BlackElo "617"]
[Opening "French defense"]
[ECO "C00"]
[NIC "FR.01"]
[Time "15:30:12"]
[TimeControl "1500+5"]

1. e4 e6 2. Nf3 d5 3. exd5 exd5 4. Qe2+ Qe7 5. Qxe7+ Bxe7 6. Bd3 Nf6 7. O-O
O-O 8. h3 h6 9. Re1 Nc6 10. Bb5 a6 11. Bxc6 bxc6 12. Rxe7 Bf5 13. d3 Rfe8
14. Rxe8+ Rxe8 15. Nc3 Re6 16. Nd4 Re1+ 17. Kh2 Bd7 18. b3 Nh5 19. Bb2 Rxa1
20. Bxa1 c5 21. Nf3 d4 22. Nd5 Bc6 23. Nxc7 Nf4 24. Nh4 Kf8 25. Nxa6 Ne6 26.
c3 Bb5 27. Nb8 c4 28. dxc4 d3 29. Nf3 Bc6 30. Nxc6 Ng5 31. Nd2 h5 32. Ne5 f6
33. Nxd3 f5 34. c5 Nf7 35. c6 Nd6 36. c7 g5 37. Nc5 g4 38. hxg4 fxg4 39. c4
Ke8 40. Be5 Nc8 41. Nde4 Kf7 42. Nd6+ Nxd6 43. Bxd6 Kg6 44. c8=Q Kg5 45.
Qd8+ Kg6 46. Qf8 g3+ 47. fxg3 h4 48. gxh4 Kh5 49. Qh8+ Kg4 50. Qf8 Kxh4 51.
Qf4+ Kh5 52. Ne6 Kg6 53. Be7 Kh7 54. Qf7+ Kh8 55. Bf6# {Black checkmated}
1-0

[Event "ICC tourney 2708 (25 5)"]
[Site "Internet Chess Club"]
[Date "2021.10.16"]
[Round "4"]
[White "PATHMANABAN, SIDDHARTH:Siddharth831"]
[Black "SAHU, ANAY:anaychess"]
[Result "0-1"]
[ICCResult "White checkmated"]
[WhiteElo "401"]
[BlackElo "932"]
[Opening "Giuoco Piano"]
[ECO "C50"]
[NIC "IG.02"]
[Time "15:31:08"]
[TimeControl "1500+5"]

1. e4 e5 2. Nf3 Nc6 3. Bc4 Bc5 4. O-O d6 5. d3 Bg4 6. h3 Bxf3 7. Qxf3 Nf6 8.
Bg5 h6 9. Bxf6 Qxf6 10. Nc3 Qxf3 11. gxf3 Nd4 12. Kg2 O-O 13. Nb5 Nxb5 14.
Bxb5 a6 15. Bc4 Rfe8 16. Kh2 Rad8 17. Rg1 c6 18. Rg2 d5 19. exd5 cxd5 20.
Bb3 e4 21. Rag1 Bd4 22. c3 Be5+ 23. Kh1 exf3 24. Rg4 d4 25. Re4 dxc3 26.
bxc3 Bxc3 27. Rf4 Rf8 28. Rxf3 b5 29. Rf5 Bd4 30. a4 bxa4 31. Bxa4 a5 32.
Rxa5 Bxf2 33. Rf1 Bd4 34. Bb3 Bb6 35. Raf5 Rd7 36. Kg2 g6 37. Rf6 Bd4 38.
R6f4 Kg7 39. Kf3 h5 40. h4 Bf6 41. Kg3 Be5 42. Kf3 Bxf4 43. Kxf4 Rxd3 44.
Bc4 Rd4+ 45. Ke3 Rxc4 46. Kd3 Rxh4 47. Rf3 f5 48. Ke3 Kf6 49. Rg3 g5 50.
Rxg5 Kxg5 51. Kf2 Ra8 52. Kg2 Ra3 53. Kf2 Rb4 54. Ke2 Rb2+ 55. Ke1 Ra1#
{White checkmated}
0-1

[Event "ICC tourney 2708 (25 5)"]
[Site "Internet Chess Club"]
[Date "2021.10.16"]
[Round "4"]
[White "ADDURI, MANSI:K03-17004388"]
[Black "AMBROSE FOSTER, JACK:K06-16314407"]
[Result "0-1"]
[ICCResult "White checkmated"]
[WhiteElo "963"]
[BlackElo "1039"]
[Opening "Caro-Kann: advance variation"]
[ECO "B12"]
[NIC "CK.04"]
[Time "15:30:20"]
[TimeControl "1500+5"]

1. e4 c6 2. d4 d5 3. e5 Bf5 4. Nf3 e6 5. Nc3 c5 6. Be3 cxd4 7. Bxd4 Nc6 8.
Bb5 a6 9. Ba4 b5 10. Bb3 Nxd4 11. Nxd4 Bg6 12. O-O Bc5 13. Nf3 h5 14. a4 b4
15. Ne2 h4 16. Nf4 Bf5 17. Nd3 Ba7 18. Nxb4 Bb8 19. Nd4 Qg5 20. Qf3 Be4 21.
Qh3 Bxe5 22. Nf3 Bxf3 23. Qxf3 h3 24. g3 Bxb2 25. Rae1 Ne7 26. Nd3 Ba3 27.
Re5 Qg6 28. Rfe1 Bd6 29. R5e3 Nf5 30. c4 Nxe3 31. Rxe3 Rb8 32. Nf4 Bxf4 33.
Qxf4 Qb1+ 34. Bd1 Qxd1+ 35. Re1 Qxe1# {White checkmated} 0-1

[Event "ICC tourney 2708 (25 5)"]
[Site "Internet Chess Club"]
[Date "2021.10.16"]
[Round "4"]
[White "GAW, ZACHARY:zman-g"]
[Black "NALAMALPU, ASHIKA REDDY:AshikaN"]
[Result "0-1"]
[ICCResult "White checkmated"]
[WhiteElo "946"]
[BlackElo "885"]
[Opening "Sicilian: Najdorf, Lipnitzky attack"]
[ECO "B86"]
[NIC "SI.13"]
[Time "15:30:19"]
[TimeControl "1500+5"]

1. e4 c5 2. Nf3 d6 3. d4 cxd4 4. Nxd4 Nf6 5. Nc3 a6 6. Bc4 e6 7. O-O Be7 8.
Be3 d5 9. exd5 exd5 10. Bb3 O-O 11. Nf3 Be6 12. Qd2 Nc6 13. Rad1 Qd7 14.
Nxd5 Nxd5 15. Bxd5 Bxd5 16. Qxd5 Qd8 17. Rfe1 Nb4 18. Qxd8 Rfxd8 19. Rxd8+
Rxd8 20. Bb6 Re8 21. Bc5 Nc6 22. Bxe7 Nxe7 23. Ng5 h6 24. Ne4 Kf8 25. Nd6
Rb8 26. Rd1 Rd8 27. Rd3 b6 28. Nc4 Rxd3 29. cxd3 b5 30. Na5 Nd5 31. Kf1 Nb4
32. d4 Nxa2 33. Ke2 Nb4 34. Kd2 Nd5 35. Kd3 Nf4+ 36. Ke4 Nxg2 37. d5 Ke8 38.
Nc6 Kd7 39. Ne5+ Ke8 40. d6 f6 41. d7+ Kd8 42. Nd3 Kxd7 43. Nc5+ Kc6 44.
Nxa6 Kb6 45. Nb4 Ka5 46. Nc6+ Ka4 47. b4 Ne1 48. Kf5 Nd3 49. Ke4 Nxb4 50.
Nxb4 Kxb4 51. Kd4 Ka3 52. Kc3 b4+ 53. Kc2 Ka2 54. Kc1 b3 55. Kd2 b2 56. Kd3
b1=Q+ 57. Kc3 Qd1 58. Kc4 Qd6 59. Kc3 Qd5 60. Kb4 Qc6 61. f3 Kb2 62. f4 Qc3+
63. Kb5 Kb3 64. f5 Qc4+ 65. Kb6 Kb4 66. h4 Qc5+ 67. Kb7 Qd6 68. h5 Kb5 69.
Ka7 Qc7+ 70. Ka8 g6 71. fxg6 Ka6 72. g7 Qc8# {White checkmated} 0-1

[Event "ICC tourney 2708 (25 5)"]
[Site "Internet Chess Club"]
[Date "2021.10.16"]
[Round "4"]
[White "KANTEM, SAMANVI:samanvikantem"]
[Black "Romanyuk, Nikita:NikitaR"]
[Result "1-0"]
[ICCResult "Black checkmated"]
[WhiteElo "929"]
[BlackElo "732"]
[Opening "French: exchange variation"]
[ECO "C01"]
[NIC "FR.01"]
[Time "15:30:25"]
[TimeControl "1500+5"]

1. e4 e6 2. d4 d5 3. exd5 exd5 4. Nf3 c5 5. c3 c4 6. Bf4 Nc6 7. Be2 Qb6 8.
Qd2 Nf6 9. O-O Ne4 10. Qc2 Na5 11. Na3 Bd6 12. Be3 Bd7 13. Nxc4 Nxc4 14.
Bxc4 dxc4 15. Qxe4+ Kf8 16. Ng5 Qxb2 17. Rab1 Qxa2 18. Qxb7 Ke7 19. Qe4+ Kf6
20. Nxh7+ Rxh7 21. Qxh7 Bf5 22. Qh4+ Ke6 23. Rb5 Qa6 24. d5+ Kd7 25. Rb2 Be7
26. Qf4 Bg6 27. Bd4 Rg8 28. Re1 Ba3 29. Rbe2 Qb7 30. Qg5 Kd6 31. Re7 Qb2 32.
Qe5# {Black checkmated} 1-0

[Event "ICC tourney 2708 (25 5)"]
[Site "Internet Chess Club"]
[Date "2021.10.16"]
[Round "4"]
[White "KOKA, SAHARSH:saharsh2"]
[Black "VOLOSHIN, VANYA:Vanya-long"]
[Result "1-0"]
[ICCResult "Black checkmated"]
[WhiteElo "994"]
[BlackElo "808"]
[Opening "Ruy Lopez: exchange variation, 5.O-O"]
[ECO "C68"]
[NIC "RL.08"]
[Time "15:30:19"]
[TimeControl "1500+5"]

1. e4 e5 2. Nf3 Nc6 3. Bb5 a6 4. Bxc6 dxc6 5. O-O Nf6 6. Nxe5 Qd4 7. Nd3
Nxe4 8. Re1 Be6 9. Qe2 Nc5 10. Nxc5 Bxc5 11. c3 Qd7 12. d4 Bb6 13. f4 O-O
14. Qd3 c5 15. Be3 Rad8 16. Na3 cxd4 17. cxd4 Bxd4 18. Bxd4 Qxd4+ 19. Qxd4
Rxd4 20. g3 Rd2 21. b3 Rfd8 22. Kh1 Kf8 23. Rac1 Bd5+ 24. Kg1 Rg2+ 25. Kf1
Rxh2 26. Rxc7 Rh1+ 27. Kf2 Rxe1 28. Kxe1 Re8+ 29. Kd2 Re7 30. Rc8+ Re8 31.
Rc7 g6 32. Nc2 Kg7 33. Nb4 Bf3 34. Rc3 Be4 35. Re3 Bc6 36. Nxc6 Rxe3 37.
Kxe3 bxc6 38. Kd4 Kf6 39. Kc5 Ke7 40. Kxc6 Ke6 41. Kb6 Kd6 42. Kxa6 Kc6 43.
b4 Kc7 44. b5 Kb8 45. b6 Ka8 46. a4 Kb8 47. a5 h5 48. Kb5 f6 49. a6 g5 50.
fxg5 fxg5 51. Kc6 h4 52. a7+ Ka8 53. b7+ Kxa7 54. Kc7 hxg3 55. b8=Q+ Ka6 56.
Qb6# {Black checkmated} 1-0

[Event "ICC tourney 2708 (25 5)"]
[Site "Internet Chess Club"]
[Date "2021.10.16"]
[Round "4"]
[White "BYSIEK, SYLVIA GRACE:SylviaGrace"]
[Black "KALAVAKURU, SRI DIYA:dkalavakuru"]
[Result "0-1"]
[ICCResult "White checkmated"]
[WhiteElo "569"]
[BlackElo "892"]
[Opening "Giuoco Piano"]
[ECO "C54"]
[NIC "IG.02"]
[Time "15:30:16"]
[TimeControl "1500+5"]

1. e4 e5 2. Nf3 Nc6 3. Bc4 Bc5 4. c3 Nf6 5. d3 h6 6. O-O O-O 7. Nbd2 d6 8.
Re1 Bg4 9. h3 Bh5 10. Nf1 Re8 11. Ng3 Bg6 12. Nh4 Bh7 13. Qf3 Nd7 14. Qg4 g5
15. Ngf5 Qf6 16. b4 Bb6 17. Qh5 Nf8 18. Nxh6+ Kg7 19. N4f5+ Bxf5 20. Nxf5+
Kg8 21. Bxg5 Qg6 22. Nh6+ Kg7 23. Nf5+ Kg8 24. Qh4 a6 25. Bf6 Nh7 26. Nh6+
Kf8 27. Nxf7 Nxf6 28. Qh8+ Ng8 29. Nh6 Ke7 30. Nf5+ Kd8 31. Qh4+ Nge7 32.
Nxe7 Nxe7 33. Rad1 Rf8 34. d4 exd4 35. cxd4 Kc8 36. Qxe7 Rh8 37. Be6+ Kb8
38. Re3 Ka7 39. b5 Rae8 40. Qd7 Rxe6 41. bxa6 bxa6 42. Rb3 Rg8 43. g3 d5 44.
Qxd5 Rh8 45. h4 Rxh4 46. a4 Rhxe4 47. a5 Re1+ 48. Rxe1 Rxe1+ 49. Kg2 Re6 50.
axb6+ Rxb6 51. Rc3 Qg7 52. Qd8 Rb7 53. Rc4 Qf7 54. d5 Qg7 55. d6 cxd6 56.
Qxd6 Qd7 57. Qc5+ Ka8 58. Qa5 Ka7 59. Rc5 Qd6 60. Rd5 Qc6 61. Kh2 Qh6+ 62.
Kg2 Qc6 63. f3 Rb2+ 64. Kh3 Qh6+ 65. Rh5 Qe6+ 66. Rf5 Qh6+ 67. Kg4 Qg6+ 68.
Rg5 Qe6+ 69. Kf4 Qc4+ 70. Ke5 Rb5+ 71. Kf6 Qc6+ 72. Kg7 Rxa5 73. Rg6 Qc7+
74. Kh6 Rd5 75. f4 Qd8 76. g4 Qh8# {White checkmated} 0-1

[Event "ICC tourney 2708 (25 5)"]
[Site "Internet Chess Club"]
[Date "2021.10.16"]
[Round "5"]
[White "KOGAN, JONATHAN:jkshark"]
[Black "VYAS, SOHUM:sovy"]
[Result "1-0"]
[ICCResult "Black checkmated"]
[WhiteElo "443"]
[BlackElo "224"]
[Opening "Petrov's defense"]
[ECO "C42"]
[NIC "RG.03"]
[Time "17:00:16"]
[TimeControl "1500+5"]

1. e4 e5 2. Nf3 Nf6 3. Nxe5 Nc6 4. Nxc6 bxc6 5. Nc3 Ba6 6. Bxa6 Bc5 7. d4
Bxd4 8. Qxd4 O-O 9. O-O Qe8 10. Bg5 Qxe4 11. Nxe4 Nxe4 12. Qxe4 Rfe8 13. Qg4
c5 14. Bf6 Kf8 15. Qxg7# {Black checkmated} 1-0

[Event "ICC tourney 2708 (25 5)"]
[Site "Internet Chess Club"]
[Date "2021.10.16"]
[Round "5"]
[White "Romanyuk, Nikita:NikitaR"]
[Black "Daga, Shreyansh:shreyanshdaga"]
[Result "1-0"]
[ICCResult "Black checkmated"]
[WhiteElo "732"]
[BlackElo "551"]
[Opening "Scotch: Schmidt variation"]
[ECO "C45"]
[NIC "SO.04"]
[Time "17:00:14"]
[TimeControl "1500+5"]

1. e4 e5 2. Nf3 Nc6 3. d4 exd4 4. Nxd4 Nf6 5. Nc3 Nxd4 6. Qxd4 Be7 7. Be2
O-O 8. O-O c6 9. Bf4 d5 10. Rad1 dxe4 11. Nxe4 Nxe4 12. Qxe4 Qb6 13. Qxe7
Qxb2 14. Rd8 Bf5 15. Qxf8# {Black checkmated} 1-0

[Event "ICC tourney 2708 (25 5)"]
[Site "Internet Chess Club"]
[Date "2021.10.16"]
[Round "5"]
[White "SELVAMANI, MADHUSHAN:K03-17115543"]
[Black "KALAVAKURU, SRI DIYA:dkalavakuru"]
[Result "1-0"]
[ICCResult "Black checkmated"]
[WhiteElo "1191"]
[BlackElo "892"]
[Opening "Giuoco Pianissimo"]
[ECO "C50"]
[NIC "IG.02"]
[Time "17:01:04"]
[TimeControl "1500+5"]

1. e4 e5 2. Nf3 Nc6 3. Bc4 Bc5 4. d3 h6 5. Nc3 Nf6 6. h3 O-O 7. O-O d6 8. a3
Be6 9. Nd5 Nxd5 10. exd5 Bxh3 11. dxc6 Be6 12. Bxe6 fxe6 13. cxb7 Rb8 14.
Qe2 Qf6 15. Qe4 d5 16. Qxe5 Qxe5 17. Nxe5 Rfd8 18. Nc6 Rf8 19. Nxb8 Rxb8 20.
Bf4 Rxb7 21. b4 Bd6 22. Bxd6 cxd6 23. Rae1 e5 24. c4 dxc4 25. dxc4 Rc7 26.
Rc1 e4 27. c5 dxc5 28. Rxc5 Re7 29. Re1 Kf7 30. Rc4 Kf6 31. Rcxe4 Rxe4 32.
Rxe4 g5 33. Rc4 Kg6 34. Rc7 Kh5 35. Rxa7 g4 36. Rc7 Kh4 37. a4 h5 38. a5 Kg5
39. a6 Kh4 40. a7 Kg5 41. a8=Q Kh6 42. Qg8 h4 43. Rh7# {Black checkmated}
1-0

[Event "ICC tourney 2708 (25 5)"]
[Site "Internet Chess Club"]
[Date "2021.10.16"]
[Round "5"]
[White "ZHAO, DANSON:K01-30127679"]
[Black "BYSIEK, SYLVIA GRACE:SylviaGrace"]
[Result "1-0"]
[ICCResult "Black checkmated"]
[WhiteElo "1237"]
[BlackElo "569"]
[Opening "Giuoco Pianissimo: Italian four knights variation"]
[ECO "C55"]
[NIC "IG.01"]
[Time "17:01:04"]
[TimeControl "1500+5"]

1. e4 e5 2. Nf3 Nc6 3. Bc4 Nf6 4. Nc3 Bc5 5. d3 O-O 6. Bg5 d6 7. h3 h6 8.
Bh4 Nd4 9. Nxd4 Bxd4 10. Rb1 a6 11. Nd5 b5 12. Nxf6+ gxf6 13. Bd5 Rb8 14. c3
Bb6 15. Qf3 a5 16. Bxf6 Qd7 17. Qg3+ Kh7 18. Qg7# {Black checkmated} 1-0

[Event "ICC tourney 2708 (25 5)"]
[Site "Internet Chess Club"]
[Date "2021.10.16"]
[Round "5"]
[White "MURPHY ZEDLEWSKI, JACK:K01-30079933"]
[Black "ZHENG TORGERSEN, OLIVER:K03-30051881"]
[Result "1-0"]
[ICCResult "Black resigns"]
[WhiteElo "542"]
[BlackElo "285"]
[Opening "Giuoco Piano"]
[ECO "C54"]
[NIC "IG.02"]
[Time "17:00:30"]
[TimeControl "1500+5"]

1. e4 e5 2. Nf3 Nc6 3. Bc4 Bc5 4. c3 Nf6 5. Ng5 O-O 6. b4 Bd6 7. b5 h6 8.
bxc6 hxg5 9. cxb7 Bxb7 10. d3 Bc5 11. Bxg5 Bc6 12. Nd2 Rb8 13. Rb1 Rxb1 14.
Qxb1 Qb8 15. Qxb8 Rxb8 16. Bxf6 gxf6 17. O-O Kf8 18. Re1 Ke7 19. Nf3 Rg8 20.
g3 f5 21. Nxe5 Bb7 22. Bxf7 Rf8 23. Ng6+ Kxf7 24. Nxf8 Kxf8 25. exf5 Kf7 26.
h4 Kf6 27. h5 Kxf5 28. g4+ Kg5 29. Kf1 Kxg4 30. h6 Kg5 31. h7 Kg6 32. h8=Q
Kf5 33. Qh5+ Kf6 34. Qxc5 Kf7 35. Qxc7 Bd5 36. Qxd7+ {Black resigns} 1-0

[Event "ICC tourney 2708 (25 5)"]
[Site "Internet Chess Club"]
[Date "2021.10.16"]
[Round "5"]
[White "BYSIEK, JULIANA RENEE:JulianaRenee"]
[Black "SAHU, ANAY:anaychess"]
[Result "1/2-1/2"]
[ICCResult "Game drawn because neither player has mating material"]
[WhiteElo "639"]
[BlackElo "932"]
[Opening "Giuoco Piano"]
[ECO "C50"]
[NIC "IG.02"]
[Time "17:00:11"]
[TimeControl "1500+5"]

1. e4 e5 2. Nf3 Nc6 3. Bc4 Bc5 4. O-O Nf6 5. d3 O-O 6. c3 d6 7. Nbd2 Bg4 8.
h3 Bh5 9. Re1 d5 10. exd5 Nxd5 11. Bxd5 Qxd5 12. Nf1 Rfe8 13. Ng3 Bxf3 14.
Qxf3 Qxf3 15. gxf3 h6 16. Nf5 Rad8 17. Be3 Bxe3 18. Rxe3 Ne7 19. Nxe7+ Rxe7
20. Rae1 f6 21. f4 Rde8 22. fxe5 Rxe5 23. Rxe5 Rxe5 24. Rd1 Rg5+ 25. Kf1 Rh5
26. Kg2 Rg5+ 27. Kh2 Kf7 28. a4 Ke6 29. b4 a6 30. c4 b6 31. d4 Rf5 32. Kg2
Rf4 33. Kg3 Re4 34. Kf3 Rh4 35. Kg3 Re4 36. f3 Re3 37. d5+ Kd6 38. a5 bxa5
39. bxa5 Rc3 40. Rd4 c5 41. Rf4 Ke5 42. Re4+ Kd6 43. Re6+ Kd7 44. Kf4 Rxc4+
45. Kf5 Rd4 46. Rxa6 Rxd5+ 47. Ke4 Rd6 48. Rxd6+ Kxd6 49. Kd3 Kc6 50. Kc4 g5
51. a6 Kb6 52. a7 Kxa7 53. Kxc5 Kb7 54. Kd5 Kc7 55. Ke6 Kd8 56. Kxf6 Ke8 57.
Kg6 Ke7 58. Kxh6 Kf6 59. Kh5 Kf5 60. h4 gxh4 61. Kxh4 Kf4 62. Kh3 Kxf3
{Game drawn because neither player has mating material}
1/2-1/2

[Event "ICC tourney 2708 (25 5)"]
[Site "Internet Chess Club"]
[Date "2021.10.16"]
[Round "5"]
[White "GAW, CHRISTIAN:cman-g"]
[Black "CAI, WILLIAM:LionsWilliamC"]
[Result "1-0"]
[ICCResult "Black resigns"]
[WhiteElo "887"]
[BlackElo "540"]
[Opening "King's pawn game"]
[ECO "C50"]
[NIC "IG.03"]
[Time "17:00:14"]
[TimeControl "1500+5"]

1. e4 e5 2. Nf3 Nc6 3. Bc4 d5 4. exd5 Nce7 5. Nxe5 Nxd5 6. O-O Ngf6 7. Re1
Be6 8. Nf3 Bd6 9. Ng5 Nf4 10. Bxe6 fxe6 11. Nxe6 Nxe6 12. Rxe6+ Be7 13. Qe2
O-O 14. Rxe7 Re8 15. Rxe8+ Qxe8 16. Qxe8+ Rxe8 17. Kf1 Ng4 18. h3 Nf6 19. d4
Nd5 20. Nc3 Nb4 21. Bf4 Nxc2 22. Rc1 Nxd4 23. Re1 Rf8 24. Bxc7 Nc2 25. Bd6
Rf6 26. Re8+ Kf7 27. Rf8+ Ke6 28. Rxf6+ Kxf6 29. Ke2 Nd4+ 30. Kd3 Nf5 31.
Ne4+ Ke6 32. Bb8 Kd5 33. Bxa7 Nd4 34. Bxd4 g6 35. a4 Ke6 36. Ng5+ Ke7 37.
Nxh7 Kf7 38. Ng5+ {Black resigns} 1-0

[Event "ICC tourney 2708 (25 5)"]
[Site "Internet Chess Club"]
[Date "2021.10.16"]
[Round "5"]
[White "TSYBOVSKY, ANTHONY:K03-30024259"]
[Black "GILLMAN, JONES:JonesGill"]
[Result "0-1"]
[ICCResult "White checkmated"]
[WhiteElo "933"]
[BlackElo "1427"]
[Opening "QGD: semi-Slav"]
[ECO "D10"]
[NIC "SL.06"]
[Time "17:00:11"]
[TimeControl "1500+5"]

1. d4 d5 2. c4 c6 3. Nc3 e6 4. Bf4 Nf6 5. Nf3 Nbd7 6. e3 Be7 7. Bd3 O-O 8.
O-O Nh5 9. Bg3 Nxg3 10. fxg3 Nf6 11. Ne5 Bd6 12. Ng4 Nxg4 13. Qxg4 e5 14.
Qh5 e4 15. Be2 Be6 16. cxd5 cxd5 17. Nxd5 g6 18. Nf6+ Qxf6 19. Qxh7+ Kxh7
20. Rxf6 Be7 21. Rf4 f5 22. b3 Bg5 23. Rff1 Bxe3+ 24. Kh1 Bxd4 25. Rad1 Rad8
26. Rd2 Bg7 27. Rfd1 Rxd2 28. Rxd2 Be5 29. Rc2 Rc8 30. Rd2 Rc1+ 31. Rd1
Rxd1+ 32. Bxd1 Bd4 33. h3 e3 34. Be2 a6 35. Kg1 Bd7 36. Kf1 Bb5 37. Ke1 Bxe2
38. Kxe2 Kg7 39. Kd3 Kf6 40. g4 fxg4 41. hxg4 Ke5 42. g3 g5 43. a4 b5 44.
axb5 axb5 45. b4 Kd5 46. Ke2 Ke4 47. Ke1 Bc3+ 48. Ke2 Bxb4 49. Kf1 Kf3 50.
Kg1 e2 51. Kh2 e1=Q 52. Kh3 Qh1# {White checkmated} 0-1

[Event "ICC tourney 2708 (25 5)"]
[Site "Internet Chess Club"]
[Date "2021.10.16"]
[Round "5"]
[White "BANERJEE, ARJUN:ARJUNCHESS05"]
[Black "KOKA, SAHARSH:saharsh2"]
[Result "0-1"]
[ICCResult "White checkmated"]
[WhiteElo "813"]
[BlackElo "994"]
[Opening "King's pawn game"]
[ECO "C44"]
[NIC "KP.10"]
[Time "17:00:12"]
[TimeControl "1500+5"]

1. e4 e5 2. Nf3 Nc6 3. Bd3 Nf6 4. O-O Be7 5. Nc3 d6 6. h3 Be6 7. Qe2 h6 8.
Bc4 Bxc4 9. Qxc4 O-O 10. Nd5 Nxd5 11. Qxd5 Qd7 12. Qb3 Rab8 13. d3 Nd4 14.
Nxd4 exd4 15. c3 dxc3 16. Qxc3 Qc6 17. Qxc6 bxc6 18. b3 Bf6 19. Rb1 Rfe8 20.
Bb2 Bxb2 21. Rxb2 d5 22. exd5 cxd5 23. Rc2 Rbc8 24. a4 c5 25. Rfc1 g5 26. d4
Rb8 27. dxc5 Rxb3 28. c6 Rc8 29. Rd1 Rb6 30. Rxd5 Rbxc6 31. Re2 Ra6 32. a5
Rc1+ 33. Kh2 Ra1 34. Re8+ Kg7 35. Rdd8 R1xa5 36. Rg8+ Kf6 37. Rh8 Kf5 38.
Rdf8 Rf6 39. Ra8 Ra2 40. Kg3 a5 41. Rhe8 a4 42. Ra5+ Kg6 43. Re3 Rfxf2 44.
Ra6+ Rf6 45. Rxf6+ Kxf6 46. Rf3+ Kg6 47. Rd3 Ra1 48. Rd6+ f6 49. Ra6 a3 50.
Kh2 a2 51. Kg3 h5 52. Ra5 h4+ 53. Kg4 Rg1 54. Rxa2 f5+ 55. Kf3 Rf1+ 56. Ke3
f4+ 57. Ke4 Re1+ 58. Kf3 Re3+ 59. Kf2 Kf5 60. Ra5+ Re5 61. Ra3 g4 62. Kg1
gxh3 63. gxh3 Re3 64. Ra5+ Ke4 65. Ra4+ Kf3 66. Kh2 Re2+ 67. Kg1 Kg3 68.
Ra3+ Re3 69. Ra1 Kxh3 70. Kf2 Rb3 71. Rh1+ Kg4 72. Ke2 f3+ 73. Kf2 Rb2+ 74.
Ke3 f2 75. Rf1 Kg3 76. Rc1 h3 77. Ra1 Kg2 78. Kf4 f1=Q+ 79. Rxf1 Kxf1 80.
Kg4 h2 81. Kg3 h1=Q 82. Kg4 Rb3 83. Kf4 Qf3+ 84. Ke5 Qg4 85. Kd5 Rb5+ 86.
Kc6 Rh5 87. Kd6 Qg6+ 88. Ke7 Rh7+ 89. Kf8 Qa6 90. Kg8 Rb7 91. Kf8 Qa8#
{White checkmated}
0-1

[Event "ICC tourney 2708 (25 5)"]
[Site "Internet Chess Club"]
[Date "2021.10.16"]
[Round "5"]
[White "ADDURI, MANSI:K03-17004388"]
[Black "MENON, DHRUV:dmenon25"]
[Result "0-1"]
[ICCResult "White checkmated"]
[WhiteElo "963"]
[BlackElo "1202"]
[Opening "Giuoco Piano"]
[ECO "C50"]
[NIC "IG.02"]
[Time "17:00:41"]
[TimeControl "1500+5"]

1. e4 e5 2. Nf3 Nc6 3. Bc4 Bc5 4. O-O Nf6 5. d3 O-O 6. h3 d6 7. Bg5 h6 8.
Bh4 Be6 9. Bb3 Nd4 10. Nxd4 Bxd4 11. c3 Bc5 12. d4 exd4 13. cxd4 Bb6 14. e5
g5 15. Bxg5 hxg5 16. exf6 Qxf6 17. d5 Bd7 18. Nc3 Qh6 19. Qf3 Kg7 20. Na4
Rh8 21. Kh2 g4 22. Qc3+ Kg8 23. Qg3 Kf8 24. Nxb6 axb6 25. Bd1 gxh3 26. Bg4
hxg2+ 27. Kxg2 Bxg4 28. Rh1 Qg7 29. Rxh8+ Qxh8 30. Qxg4 Qxb2 31. Rg1 Ke7 32.
Qe4+ Qe5 33. Qh4+ Kd7 34. Qg4+ f5 35. Qf3 Rg8+ 36. Kf1 Qa1+ 37. Ke2 Re8+ 38.
Kd2 Qb2+ 39. Kd1 Qd4+ 40. Kc2 Qe4+ 41. Qxe4 Rxe4 42. Rg7+ Re7 43. Rg3 Re2+
44. Kb3 Rxf2 45. Rg7+ Kd8 46. Rg8+ Ke7 47. Rb8 f4 48. Rxb7 Kd7 49. Ra7 f3
50. Ra4 Rf1 51. Rf4 f2 52. Kc2 Ra1 53. Kb3 f1=Q 54. Rxf1 Rxf1 55. a4 c6 56.
dxc6+ Kxc6 57. Kb4 Rb1+ 58. Kc3 Ra1 59. Kb4 d5 60. Kc3 Rxa4 61. Kd3 Rc4 62.
Kd2 d4 63. Kd3 Kc5 64. Ke2 Rc3 65. Kd2 b5 66. Kd1 b4 67. Kd2 b3 68. Kd1 Rc2
69. Ke1 b2 70. Kd1 b1=Q# {White checkmated} 0-1

[Event "ICC tourney 2708 (25 5)"]
[Site "Internet Chess Club"]
[Date "2021.10.16"]
[Round "5"]
[White "Rajesh Kumar, Aarush:aarushrk"]
[Black "GAW, ZACHARY:zman-g"]
[Result "0-1"]
[ICCResult "White checkmated"]
[WhiteElo "714"]
[BlackElo "946"]
[Opening "KGA: Schallop defense"]
[ECO "C34"]
[NIC "KG.02"]
[Time "17:00:24"]
[TimeControl "1500+5"]

1. e4 e5 2. f4 exf4 3. Nf3 Nf6 4. Nc3 c5 5. e5 Qe7 6. Nb5 d5 7. Nd6+ Kd8 8.
Ng5 Qxe5+ 9. Be2 Be6 10. Nxe6+ Qxe6 11. Nxb7+ Kc7 12. Nxc5 Bxc5 13. d4 Bd6
14. O-O Re8 15. Re1 Ng4 16. Bd2 Nc6 17. Bb5 Qg6 18. Rxe8 Rxe8 19. h3 Ne3 20.
Bxe3 fxe3 21. Bd3 Qg3 22. Kf1 Qf2# {White checkmated} 0-1

[Event "ICC tourney 2708 (25 5)"]
[Site "Internet Chess Club"]
[Date "2021.10.16"]
[Round "5"]
[White "FROOM, JARED MICHAEL:littleprince428"]
[Black "PATHMANABAN, SIDDHARTH:Siddharth831"]
[Result "1-0"]
[ICCResult "Black checkmated"]
[WhiteElo "617"]
[BlackElo "401"]
[Opening "Giuoco Piano"]
[ECO "C53"]
[NIC "IG.02"]
[Time "17:00:11"]
[TimeControl "1500+5"]

1. e4 e5 2. Nf3 Nc6 3. Bc4 Bc5 4. c3 h6 5. d4 exd4 6. cxd4 Bb4+ 7. Nc3 Bxc3+
8. bxc3 Nf6 9. Qd3 O-O 10. O-O Re8 11. Re1 d5 12. exd5 Rxe1+ 13. Nxe1 Na5
14. Nc2 Nxc4 15. Qxc4 Qe7 16. Ba3 Qe8 17. Re1 Qd7 18. h3 b5 19. Qe2 Ba6 20.
Nb4 Re8 21. Qd1 Rxe1+ 22. Qxe1 Bb7 23. Bc1 Bxd5 24. Nxd5 Qxd5 25. Bf4 Qxa2
26. Qe5 Qb1+ 27. Kh2 b4 28. cxb4 Qxb4 29. Qxc7 Qxd4 30. Qb8+ Kh7 31. Be5
Qxf2 32. Qb1+ Kg8 33. Qb8+ Kh7 34. Bd6 Ne4 35. Be7 Nd2 36. Qf8 Nf1+ 37. Kh1
Ng3+ 38. Kh2 Nf1+ 39. Kh1 Ng3+ 40. Kh2 Nf1+ 41. Kh1 Qg3 42. Kg1 Nh2 43. Bd6
Qd3 44. Kxh2 a5 45. Be5 a4 46. Qxg7# {Black checkmated} 1-0